 Dungeon Crawl Stone Soup version 0.23.2-1-ga50397a6bc (console) character file.

Game seed: 12594639031997479602

231690 Dragon00 the Executioner (level 18, -6/172 HPs)
             Began as a Minotaur Berserker on May 18, 2019.
             Was a High Priest of Trog.
             Mangled by a spark wasp (12 damage)
             ... on level 4 of the Spider Nest on May 20, 2019.
             The game lasted 06:58:39 (48419 turns).

Dragon00 the Executioner (Minotaur Berserker)      Turns: 48419, Time: 06:58:40

Health: -6/172     AC: 33    Str: 24      XL:     18   Next: 80%
Magic:  0/17       EV: 19    Int:  3 (4)  God:    Trog [*****.]
Gold:   3332       SH:  0    Dex: 21      Spells: 17/17 levels left

rFire    + . .     SeeInvis +   a - +7 exec axe {elec, rF+ Str+2}
rCold    . . .     Gourm    .   (shield currently unavailable)
rNeg     . . .     Faith    .   K - +4 plate armour {MR+}
rPois    +         Spirit   +   (helmet restricted)
rElec    .         Reflect  .   r - +2 cloak
rCorr    .         Harm     .   E - +2 pair of gloves {Dex+3}
MR       ++...                  B - +2 pair of boots
Stlth    ..........             M - amulet of guardian spirit
HPRegen  0.38/turn              s - ring of see invisible
MPRegen  0.15/turn              m - ring of poison resistance

@: no status effects
A: retaliatory headbutt, horns 2
}: 1/15 runes: decaying
a: Berserk, Trog's Hand, Brothers in Arms, Renounce Religion


You were on level 4 of the Spider Nest.
You worshipped Trog.
Trog was extremely pleased with you.
You were not hungry.

You visited 7 branches of the dungeon, and saw 34 of its levels.

You collected 3431 gold pieces.
You spent 99 gold pieces at shops.

Inventory:

Hand Weapons
 a - the +7 executioner's axe "Inliefuv" (weapon) {elec, rF+ Str+2}
   (Trog gifted it to you on level 3 of the Lair of Beasts)

   Occasionally, upon striking a foe, it will discharge some electrical energy
   and cause terrible harm.
   It affects your strength (+2).
   It protects you from fire.
 b - a +0 hunting sling
 l - a +0 dire flail of crushing
 y - a +8 antimagic executioner's axe
Missiles
 h - 41 tomahawks (quivered)
 t - 139 sling bullets
Armour
 r - a +2 cloak (worn)
 v - a scarf of resistance
 B - a +2 pair of boots (worn)
 E - a +2 pair of gloves of dexterity (worn)
 K - a +4 plate armour of magic resistance (worn)
Jewellery
 m - a ring of poison resistance (right hand)
 s - a ring of see invisible (left hand)
 A - an uncursed ring of protection from fire
 M - an amulet of guardian spirit (around neck)
 S - an uncursed ring of protection from cold
 X - the ring "Suamopes" {rCorr Dex+3 Slay+3}
   (You took it off a yaktaur on level 12 of the Dungeon)

   [ring of resist corrosion]

   It affects your dexterity (+3).
   It affects your accuracy and damage with ranged weapons and melee attacks
   (+3).
 Z - an uncursed ring of positive energy
Wands
 x - a wand of clouds (6)
 G - a wand of acid (17)
 J - a wand of iceblast (26)
 N - a wand of flame (78)
 O - a wand of paralysis (28)
 W - a wand of disintegration (14)
Scrolls
 d - 21 scrolls of remove curse
 f - 2 scrolls of blinking
 i - 23 scrolls of teleportation
 q - a scroll of silence
 C - 5 scrolls of magic mapping
 D - 3 scrolls of immolation
 F - 4 scrolls of enchant weapon
 H - 2 scrolls of summoning
 I - a scroll of vulnerability
 P - a scroll of acquirement
 Q - 3 scrolls of fog
 R - 5 scrolls of fear
 Y - 13 scrolls of identify
Potions
 e - 4 potions of invisibility
 g - 7 potions of lignification
 j - 7 potions of flight
 k - 7 potions of heal wounds
 n - 3 potions of ambrosia
 o - 7 potions of curing
 p - 5 potions of mutation
 u - 3 potions of cancellation
 w - 6 potions of haste
 z - 8 potions of brilliance
 L - a potion of agility
 U - 3 potions of might
Comestibles
 c - 34 rations


   Skills:
 + Level 18.0 Fighting
 * Level 23.7 Axes
 + Level 17.9 Armour
 + Level 16.5 Dodging


You had 17 spell levels left.
You didn't know any spells.
Your spell library was empty.

Dungeon Overview and Level Annotations

Branches:
Dungeon (15/15)            Temple (1/1) D:5            Lair (6/6) D:10
  Swamp (4/4) Lair:4       Spider (4/4) Lair:3        Slime (0/5) Lair:5
    Orc (2/2) D:10            Elf (2/3) Orc:2        Vaults (0/5) D:14
 Depths (0/5) D:15

Altars:
Ashenzari
Cheibriados
Dithmenos
Elyvilon
Fedhas
Gozag
Hepliaklqana
Kikubaaqudgha
Makhleb
Nemelex Xobeh
Okawaru
Qazlal
Ru
Sif Muna
Trog
Uskayaw
Vehumet
Wu Jian
Xom
Yredelemnul
Zin
The Shining One
Beogh

Shops:
D:6 %   D:12 *   D:14 !   Orc:2 (*=%

Annotations:
Lair:1 exclusion: 2 oklob plants
Swamp:1 2 transporters, 2 exclusions
Elf:2 5 runed translucent doors


Innate Abilities, Weirdness & Mutations

You reflexively headbutt those who attack you in melee.
You have a pair of horns on your head.


Message History

The ghost moth stings you but does no damage.
The spark wasp stings you! The spark wasp shocks you!
* * * LOW HITPOINT WARNING * * *
You slice the ghost moth!!
You kill the ghost moth!
Trog accepts your kill.
You slash the spark wasp! The spark wasp stings you.
* * * LOW HITPOINT WARNING * * *
The spark wasp shocks you!
* * * LOW HITPOINT WARNING * * *
Put on which piece of jewellery? (? for menu, Esc to quit)
Okay, then.
Your deep troll goes berserk!
You feel somewhat more hungry. The spark wasp completely misses you.
The hornet evades a web.
Your deep troll completely misses the spark wasp.
Your deep troll claws the spark wasp!
Your deep troll claws the spark wasp.
The spark wasp stings you!!
* * * LOW HITPOINT WARNING * * *
The spark wasp shocks you!
You die...

#≈....##..^.†.^^#
#≈...##.^^.##.....
#≈....##≈..#####...
#..........## ###.
....^≈.....##.# ##≈
.≈≈≈##(≈.###...###..
#### #### #..≈≈≈..≈
#### ### ####≈....
#... .^+ #....≈# #...
...# ##≈..≈##
#..y##...# ###≈.≈###
#y†# ##≈...^# # ##@T#
#.....##≈..
#...#####≈..^≈≈≈≈≈. ..
#..##^.#....#≈†≈###
≈..≈##..##....≈.######
#...^...≈...≈≈###
#####....≈#####
###...# #####


You could see a spark wasp, a hornet and a friendly deep troll (berserk).

Vanquished Creatures
  the Lernaean hydra (Swamp:3)
  Jorgrun (D:15)
  Frances (Swamp:3)
  2 thorn hunters
  Kirke (D:13)
  A deep elf sorcerer (Elf:1)
  An orc warlord (Orc:2)
  6 ghost moths
  4 emperor scorpions
  A deep elf elementalist (Elf:2)
  An ironheart preserver (D:14)
  3 entropy weavers
  A deep elf demonologist (Elf:1)
  The ghost of Bnni the Cleaver, a journeyman FoHu of Okawaru (D:12)
  2 spark wasps
  A deep elf annihilator (Elf:1)
  An ettin (D:12)
  A fire dragon (D:15)
  19 hydras
  2 shambling mangroves
  2 catoblepae
  7 two-headed ogres
  2 centaur warriors
  12 dancing weapons
  A ghost crab (Swamp:3)
  19 alligators
  A queen ant (Spider:1)
  4 death yaks (Lair:6)
  A deep troll earth mage (D:12)
  6 deep elf knights
  6 unseen horrors
  11 swamp dragons
  4 deep elf archers
  A lindwurm (Lair:6)
  An orc knight (D:15)
  6 ugly things
  41 deep elf magi
  8 orc sorcerers
  3 manticores
  5 cyclopes
  10 orb spiders
  31 wolf spiders
  A moth of wrath (Spider:4)
  2 centaur zombies
  A black mamba (shapeshifter) (D:12)
  A guardian serpent (Lair:6)
  12 black mambas
  24 spiny frogs
  A torpor snail (Spider:2)
  2 yaktaurs (D:12)
  4 rime drakes
  A kobold demonologist (D:14)
  A yaktaur (shapeshifter) (D:13)
  8 demonic crawlers
  An efreet (D:15)
  16 komodo dragons
  A freezing wraith (D:15)
  A komodo dragon (shapeshifter) (D:15)
  A tengu conjurer (D:12)
  25 jumping spiders
  3 meliai (D:15)
  4 trolls
  20 hornets
  9 tyrant leeches
  15 bog bodies
  34 slime creatures
  7 dream sheep (Lair:6)
  24 blink frogs
  10 hippogriffs
  2 air elementals
  6 spriggans
  A vampire (D:14)
  5 shadows
  5 water elementals
  2 wraiths
  64 yaks
  30 tarantellas
  56 redbacks
  13 wyverns
  Eustachio (D:5)
  A basilisk (Lair:1)
  A hog (D:13)
  32 vampire mosquitoes
  5 hungry ghosts
  13 wargs
  15 insubstantial wisps
  4 soldier ants (Spider:1)
  15 swamp worms
  2 acid dragons
  25 water moccasins
  11 porcupines
  Duvessa (D:6)
  2 black bears
  26 orc warriors
  18 swamp drakes
  7 sky beasts
  A black bear (shapeshifter) (D:12)
  A hornet zombie (D:12)
  5 ice beasts
  14 ogres
  2 phantoms
  11 wolves
  A boggart (D:12)
  16 centaurs
  10 crocodiles
  A big kobold (D:9)
  A wyvern zombie (D:12)
  12 bullfrogs
  An earth elemental (Elf:2)
  A gnoll sergeant (Orc:2)
  Dowan (D:6)
  5 scorpions
  11 killer bees
  3 wights (D:7)
  6 electric eels
  3 howler monkeys
  8 crimson imps
  2 bullfrog zombies
  6 jellies
  27 orc priests
  5 centaur skeletons
  2 bullfrog skeletons
  Crazy Yiuf (D:2)
  3 hounds
  47 orc wizards
  Ijyb (D:3)
  4 iguanas
  6 hell rats (Lair:5)
  27 worker ants
  2 hound zombies
  2 hound skeletons
  A howler monkey zombie (D:9)
  2 worker ant zombies (D:11)
  12 adders
  9 gnolls
  4 shadow imps
  A white imp (D:8)
  An adder skeleton (D:9)
  An adder zombie (D:9)
  3 worms
  5 leopard geckos
  127 orcs
  2 ball pythons (D:1)
  7 giant cockroaches
  16 goblins
  9 hobgoblins
  11 jackals
  12 kobolds
  3 quokkas
  11 bats
  8 frilled lizards
  2 goblin skeletons (D:8)
  3 goblin zombies (D:8)
  3 hobgoblin zombies (D:8)
  A kobold zombie (D:8)
  2 leopard gecko skeletons
  An orc skeleton (D:8)
  An orc zombie (D:8)
  A quokka zombie (D:5)
  12 rats
  A bush (Lair:4)
  4 fungi
  8 plants
1358 creatures vanquished.

Vanquished Creatures (collateral kills)
  Aizul (Swamp:3)
  2 hydras (Swamp:3)
  3 alligators (Swamp:3)
  An orc sorcerer (Orc:2)
  4 slime creatures (Swamp:3)
  A warg (Orc:2)
  2 orc wizards (Orc:2)
  3 orcs (Orc:2)
17 creatures vanquished.

Vanquished Creatures (others)
  A spriggan (Swamp:4)
  A jumping spider (Spider:1)
  A hornet (Swamp:4)
  An orc wizard (Orc:2)
  5 briar patches (Swamp:2)
  28 fungi
  20 plants
57 creatures vanquished.

Grand Total: 1432 creatures vanquished

Notes
Turn   | Place    | Note
-------+----------+-------------------------------------------
     0 | D:1      | Dragon00 the Minotaur Berserker began the quest for the
                  | Orb.
     0 | D:1      | Reached XP level 1. HP: 19/19 MP: 0/0
   236 | D:1      | Reached XP level 2. HP: 22/27 MP: 1/1
   445 | D:1      | Reached skill level 4 in Axes
   930 | D:1      | Reached ** piety under Trog
   932 | D:1      | Reached XP level 3. HP: 32/33 MP: 2/2
  1262 | D:2      | Found a hide-covered altar of Uskayaw.
  1766 | D:2      | Found a hazy altar of Hepliaklqana.
  1910 | D:2      | Reached XP level 4. HP: 33/40 MP: 3/3
  2030 | D:2      | Found a runed translucent door.
  2031 | D:2      | Noticed Crazy Yiuf
  2039 | D:2      | Killed Crazy Yiuf
  2233 | D:2      | You fall through a shaft for 2 floors!
  2576 | D:3      | Reached skill level 5 in Axes
  2605 | D:3      | Reached *** piety under Trog
  2605 | D:3      | Reached XP level 5. HP: 46/47 MP: 4/4
  2825 | D:3      | Reached XP level 6. HP: 40/55 MP: 5/5
  3139 | D:3      | Noticed Ijyb
  3142 | D:3      | Reached skill level 5 in Fighting
  3155 | D:3      | Killed Ijyb
  3155 | D:3      | Reached skill level 6 in Axes
  3784 | D:4      | Reached XP level 7. HP: 61/61 MP: 6/6
  3860 | D:4      | Reached **** piety under Trog
  4080 | D:4      | Reached skill level 7 in Axes
  4149 | D:4      | Found a radiant altar of Vehumet.
  4275 | D:4      | Reached skill level 5 in Armour
  4382 | D:5      | Entered Level 5 of the Dungeon
  4573 | D:5      | Reached skill level 5 in Dodging
  4573 | D:5      | Reached XP level 8. HP: 70/70 MP: 7/7
  4696 | D:5      | Found a staircase to the Ecumenical Temple.
  4706 | Temple   | Entered the Ecumenical Temple
  4888 | D:5      | Reached skill level 8 in Axes
  5139 | D:5      | Noticed Eustachio
  5197 | D:5      | Killed Eustachio
  5648 | D:6      | Found Mizaewag's Food Emporium.
  5943 | D:6      | You fall through a shaft for 3 floors!
  5951 | D:9      | Noticed a two-headed ogre
  5959 | D:9      | Killed a two-headed ogre
  5959 | D:9      | Reached skill level 9 in Axes
  5959 | D:9      | Reached XP level 9. HP: 79/79 MP: 8/8
  6158 | D:8      | Reached skill level 10 in Axes
  6163 | D:8      | Found a snail-covered altar of Cheibriados.
  6228 | D:8      | Found a glowing golden altar of the Shining One.
  6251 | D:8      | Reached ***** piety under Trog
  6374 | D:6      | Noticed Duvessa
  6377 | D:6      | Noticed Dowan
  6389 | D:6      | Killed Duvessa
  6395 | D:6      | Killed Dowan
  6546 | D:6      | Found a deep blue altar of Sif Muna.
  6736 | D:6      | Found a burning altar of Makhleb.
  7472 | D:7      | Reached skill level 11 in Axes
  7480 | D:7      | Found a shimmering altar of Xom.
  7481 | D:7      | Found a shimmering altar of Xom.
  7481 | D:7      | Found a shimmering altar of Xom.
  7484 | D:7      | Found a shimmering altar of Xom.
  7484 | D:7      | Found a shimmering altar of Xom.
  7548 | D:7      | Found a shimmering altar of Xom.
  7549 | D:7      | Found a shimmering altar of Xom.
  7552 | D:7      | Found a shimmering altar of Xom.
  7624 | D:7      | Noticed an orb spider
  7859 | D:7      | Noticed a guardian serpent
  7881 | D:7      | Noticed a queen bee
  7881 | D:7      | a guardian serpent changed into a queen bee
  8674 | D:9      | Got a smoking brass amulet
  8676 | D:9      | Identified the amulet of Makhleb's Generosity {Faith rC+
                  | Str+3 Slay-2} (You found it on level 9 of the Dungeon)
  8836 | D:9      | Reached XP level 10. HP: 90/90 MP: 9/9
  8950 | D:9      | Identified the Guide on Clay
  9271 | D:10     | Entered Level 10 of the Dungeon
  9287 | D:10     | Noticed a two-headed ogre
  9297 | D:10     | Killed a two-headed ogre
  9493 | D:10     | Found a staircase to the Orcish Mines.
  9841 | D:10     | Reached skill level 12 in Axes
  9929 | D:10     | Found a staircase to the Lair.
 10284 | D:10     | Killed an unseen horror
 11017 | D:11     | Noticed a cyclops
 11041 | D:11     | Killed a cyclops
 11041 | D:11     | Reached XP level 11. HP: 23/99 MP: 10/10
 11200 | D:11     | Reached skill level 13 in Axes
 11283 | D:11     | Reached skill level 10 in Fighting
 11434 | D:11     | Noticed a two-headed ogre
 11437 | D:11     | Paralysed by a hornet for 2 turns
 11442 | D:11     | Killed a two-headed ogre
 11739 | Lair:1   | Entered Level 1 of the Lair of Beasts
 11739 | Lair:1   | Noticed a five-headed hydra
 11872 | D:10     | Killed a five-headed hydra
 12069 | Lair:1   | Reached skill level 10 in Armour
 12572 | Lair:1   | Reached skill level 14 in Axes
 13390 | Lair:1   | Noticed an oklob plant
 13390 | Lair:1   | Noticed an oklob plant
 13840 | Lair:2   | Noticed a catoblepas
 13860 | Lair:2   | Reached XP level 12. HP: 110/110 MP: 11/11
 13863 | Lair:2   | Reached skill level 10 in Dodging
 14068 | Lair:2   | Killed a catoblepas
 14138 | Lair:2   | Reached skill level 15 in Axes
 14371 | Lair:2   | You fall through a shaft for 2 floors!
 15060 | Lair:2   | Reached skill level 16 in Axes
 15589 | Lair:3   | Reached XP level 13. HP: 98/118 MP: 12/12
 16049 | Lair:3   | Received a gift from Trog
 16050 | Lair:3   | Got a bloodstained executioner's axe {god gift}
 16051 | Lair:3   | Identified the +7 executioner's axe "Inliefuv" {elec, rF+
                  | Str+2} (Trog gifted it to you on level 3 of the Lair of
                  | Beasts)
 16262 | Lair:3   | Found a hole to the Spider Nest.
 16967 | Lair:4   | Found a staircase to the Swamp.
 17796 | Lair:5   | Identified a scroll of acquirement
 18225 | Lair:5   | Found a radiant altar of Vehumet.
 18409 | Lair:5   | Reached skill level 17 in Axes
 18531 | Lair:5   | Found a staircase to the Slime Pits.
 19279 | Lair:6   | Entered Level 6 of the Lair of Beasts
 19579 | Lair:6   | Found a shimmering altar of Xom.
 19766 | Lair:6   | Reached XP level 14. HP: 61/129 MP: 13/13
 20730 | Lair:6   | Reached skill level 18 in Axes
 22121 | Orc:1    | Entered Level 1 of the Orcish Mines
 22160 | Orc:1    | Paralysed by an orc sorcerer for 4 turns
 22189 | Orc:1    | Received a gift from Trog
 22300 | Orc:1    | Reached ****** piety under Trog
 22571 | Orc:1    | Found a frozen archway.
 22811 | Orc:2    | Entered Level 2 of the Orcish Mines
 22878 | Orc:2    | Found a staircase to the Elven Halls.
 22918 | Orc:2    | Noticed an orc warlord
 22930 | Orc:2    | Killed an orc warlord
 23016 | Orc:2    | Received a gift from Trog
 23234 | Orc:2    | Found Jeeck's Food Boutique.
 23234 | Orc:2    | Found Bigorur's Jewellery Shoppe.
 23345 | Orc:2    | Received a gift from Trog
 23357 | Orc:2    | Got a jewelled broad axe {god gift}
 23358 | Orc:2    | Identified the +5 broad axe of Puteefon {speed, *Rage MR+++
                  | Str+7} (Trog gifted it to you on level 2 of the Orcish
                  | Mines)
 23549 | Orc:2    | Found a roughly hewn altar of Beogh.
 23802 | Orc:2    | Found Simmel's Weapon Shoppe.
 23828 | Orc:2    | Found Atwy's General Store.
 24434 | D:12     | Reached skill level 19 in Axes
 24550 | D:12     | Received a gift from Trog
 24552 | D:12     | Identified the ring "Suamopes" {rCorr Dex+3 Slay+3}
 24663 | D:12     | Got a polished scale mail
 24729 | D:12     | Reached XP level 15. HP: 127/139 MP: 14/14
 24730 | D:12     | Found a runed translucent gate.
 24732 | D:12     | Found an opulent altar of Gozag.
 24734 | D:12     | Noticed Bnni's ghost (journeyman FoHu)
 24736 | D:12     | Found a runed translucent gate.
 24736 | D:12     | Found a runed translucent gate.
 24736 | D:12     | Found Xalaatyno's Assorted Antiques.
 25072 | D:12     | You fall through a shaft for 2 floors!
 25164 | D:14     | Found Abudoxuyc's Distillery.
 25697 | D:13     | Noticed Kirke
 25703 | D:13     | Killed Kirke
 25831 | D:13     | Found an opulent altar of Gozag.
 27012 | D:14     | Received a gift from Trog
 27132 | D:14     | Found a gate to the Vaults.
 27555 | D:15     | Entered Level 15 of the Dungeon
 27916 | D:15     | Reached skill level 15 in Fighting
 27966 | D:15     | Noticed Jorgrun
 27979 | D:15     | Killed Jorgrun
 28069 | D:15     | Reached skill level 20 in Axes
 28925 | D:14     | Reached skill level 15 in Armour
 29087 | D:15     | Found a staircase to the Depths.
 29912 | D:12     | Killed Bnni's ghost
 30157 | D:12     | Bought a scroll labeled ROKKIM POFF for 24 gold pieces
 31029 | Swamp:1  | Entered Level 1 of the Swamp
 31329 | Swamp:1  | Reached XP level 16. HP: 143/149 MP: 7/15
 31373 | Swamp:1  | Received a gift from Trog
 31391 | Swamp:1  | Paralysed by a hornet for 2 turns
 31396 | Swamp:1  | Paralysed by a hornet for 2 turns
 31423 | Swamp:1  | HP: 5/149 [tyrant leech (19)]
 32094 | Swamp:1  | Found a transporter.
 32258 | Swamp:1  | Found a transporter.
 32396 | Swamp:2  | Noticed a thorn hunter
 32432 | Swamp:1  | Killed a thorn hunter
 32624 | Swamp:2  | Noticed Aizul
 32632 | Swamp:2  | Noticed Frances
 32642 | Swamp:3  | Killed Aizul
 33096 | Swamp:3  | Killed Frances
 33389 | Swamp:2  | Reached skill level 21 in Axes
 33600 | Swamp:2  | Paralysed by a hornet for 1 turns
 35081 | Swamp:3  | Received a gift from Trog
 35819 | Swamp:4  | Entered Level 4 of the Swamp
 35819 | Swamp:4  | Noticed a thorn hunter
 35825 | Swamp:3  | Killed a thorn hunter
 37645 | Swamp:4  | Reached skill level 15 in Dodging
 38182 | Swamp:3  | Reached XP level 17. HP: 128/159 MP: 16/16
 38622 | Swamp:3  | Received a gift from Trog
 39366 | Elf:1    | Entered Level 1 of the Elven Halls
 39991 | Elf:1    | Reached skill level 22 in Axes
 40519 | Elf:1    | Received a gift from Trog
 41730 | Elf:2    | Found a huge runed translucent gate.
 41730 | Elf:2    | Found a huge runed translucent gate.
 41730 | Elf:2    | Found a huge runed translucent gate.
 41730 | Elf:2    | Found a huge runed translucent gate.
 41730 | Elf:2    | Found a huge runed translucent gate.
 42357 | Swamp:4  | Received a gift from Trog
 42455 | Swamp:4  | Noticed the 27-headed Lernaean hydra
 42930 | Swamp:3  | HP: 9/241 [the 27-headed Lernaean hydra (9)]
 42930 | Swamp:3  | HP: 2/241 [the 27-headed Lernaean hydra (7)]
 42931 | Swamp:3  | Killed the 27-headed Lernaean hydra
 43480 | Swamp:4  | Got a decaying rune of Zot
 44037 | Orc:2    | Bought a potion of heal wounds for 75 gold pieces
 44261 | Spider:1 | Entered Level 1 of the Spider Nest
 44356 | Spider:1 | Reached XP level 18. HP: 152/170 MP: 17/17
 44932 | Spider:1 | Received a gift from Trog
 44947 | Spider:1 | Reached skill level 23 in Axes
 47092 | Spider:3 | Received a gift from Trog
 47539 | Spider:4 | Entered Level 4 of the Spider Nest
 48419 | Spider:4 | HP: 6/172 [spark wasp (18)]
 48419 | Spider:4 | Mangled by a spark wasp

Skill      XL: |  1  2  3  4  5  6  7  8  9 10 11 12 13 14 15 16 17 18 |
---------------+-------------------------------------------------------+-----
Axes           | 4 5 6 7 9 11 12 14 16 17 19 20 21 22 23 | 23.7
Fighting       | 4 5 6 7 8 9 11 12 13 14 15 16 17 18 | 18.0
Armour         | 3 4 5 6 8 9 10 11 13 14 15 16 17 | 17.9
Dodging        | 3 4 5 6 7 8 9 11 12 13 14 15 16 | 16.5

Action                   |  1- 3 |  4- 6 |  7- 9 | 10-12 | 13-15 | 16-18 || total
-------------------------+-------+-------+-------+-------+-------+-------++-------
Melee: Hand axe          |   106 |   114 |    24 |       |       |       ||   244
       Headbutt          |     8 |    24 |    51 |   123 |   203 |   286 ||   695
       War axe           |       |       |    26 |       |       |       ||    26
       Broad axe         |       |       |   140 |       |       |       ||   140
       Battleaxe         |       |       |    47 |   457 |    22 |       ||   526
       Dire flail        |       |       |       |     5 |    21 |   206 ||   232
       Executioner's axe |       |       |       |       |   794 |   756 ||  1550
 Fire: Hunting sling     |       |    44 |   118 |   153 |   466 |   297 ||  1078
Throw: Throwing net      |     1 |       |       |       |       |       ||     1
       Stone             |    34 |     4 |       |       |       |       ||    38
       Tomahawk          |       |    10 |    15 |    39 |    80 |    38 ||   182
Invok: Berserk           |     5 |     3 |     5 |    13 |     7 |     6 ||    39
       Trog's Hand       |       |       |     2 |     3 |    10 |     8 ||    23
       Brothers in Arms  |       |       |       |       |     1 |     5 ||     6
Evoke: Wand              |       |       |       |       |       |     1 ||     1
  Use: Potion            |       |     1 |       |     1 |     1 |    15 ||    18
       Scroll            |       |       |     4 |    22 |     7 |    17 ||    50
 Stab: Invisible         |       |     1 |       |       |       |       ||     1
       Petrified         |       |       |       |     2 |     2 |       ||     4
       Confused          |       |       |       |       |       |     1 ||     1
  Eat: Chunk             |     8 |     9 |    14 |    22 |    36 |    26 ||   115
       Ration            |       |       |     2 |     4 |     9 |    11 ||    26
Armor: Animal skin       |     2 |       |       |       |       |       ||     2
       Scale mail        |    38 |     2 |       |       |       |       ||    40
       Chain mail        |       |    53 |   156 |    19 |       |       ||   228
       Plate armour      |       |       |       |   301 |   505 |  1105 ||  1911
Dodge: Dodged            |    69 |    32 |   134 |   271 |   753 |  1369 ||  2628
